 Dungeon Crawl Stone Soup version 0.19.1-1-g22dce08 (webtiles) character file.

35298 floppycuck the Brawler (level 13, -2/137 HPs)
             Began as a Troll Monk on Dec 30, 2016.
             Was the Champion of Okawaru.
             Slain by a warg (14 damage)
             ... led by an orc warlord
             ... on level 1 of the Orcish Mines.
             The game lasted 00:24:32 (15117 turns).

floppycuck the Brawler (Troll Monk)                Turns: 15117, Time: 00:24:32

Health: -2/137     AC: 10    Str: 24    XL:     13   Next: 46%
Magic:  12/12      EV: 10    Int:  6    God:    Okawaru [******]
Gold:   1304       SH: 12    Dex: 10    Spells: 0 memorised, 12 levels left

rFire  . . .     SeeInvis .       - Unarmed
rCold  + + .     Gourm    +     G - +0 robe "Wimug" {rPois rC+ Int-3}
rNeg   . . .     Faith    .     N - +1 shield {reflect}
rPois  +         Spirit   .     i - +1 hat {Int+3}
rElec  .         Reflect  +     w - +1 cloak
rCorr  .         Harm     .     (gloves unavailable)
MR     +....                    (boots unavailable)
Stlth  +.........               u - amulet of magic regeneration
                                T - +3 ring of slaying
                                S - ring of protection from cold (curse)

@: no status effects
A: unfitting armour, claws 3, horns 2, yellow scales 1, blurry vision 1, clumsy
1, fast metabolism 3, gourmand, magic resistance 1, regeneration 1, shaggy fur
1, tough skin 2, weak 1, no device heal 1
a: Heroism, Finesse, Renounce Religion


You were on level 1 of the Orcish Mines.
You worshipped Okawaru.
Okawaru was exalted by your worship.
You were full.

You visited 2 branches of the dungeon, and saw 15 of its levels.
You also visited: Sewer and Ice Cave.

You collected 1304 gold pieces.

Inventory:

Hand Weapons
 z - a cursed -2 giant spiked club of flaming
Armour
 i - a +1 hat of intelligence (worn)
 w - a +1 cloak (worn)
 G - the +0 robe "Wimug" (worn) {rPois rC+ Int-3}
   (You found it on level 8 of the Dungeon)

   It affects your intelligence (-3).
   It protects you from cold.
   It protects you from poison.
 N - a +1 shield of reflection (worn)
Jewellery
 k - a +2 ring of dexterity
 r - an uncursed ring of see invisible
 u - an amulet of magic regeneration (around neck)
 y - an uncursed ring of fire
 B - a +4 ring of intelligence
 F - an uncursed ring of positive energy
 M - an uncursed ring of poison resistance
 Q - an uncursed ring of ice
 S - a cursed ring of protection from cold (left claw)
 T - a +3 ring of slaying (right claw)
Wands
 s - a wand of lightning (2/15)
 x - a wand of slowing (18/48)
 C - a wand of disintegration (24/24)
 H - a wand of slowing (25/48)
 L - a wand of flame (35/48)
 P - a wand of polymorph (11/24)
 V - a wand of acid (5/15)
Scrolls
 c - 4 scrolls of enchant armour
 d - 6 scrolls of remove curse
 f - 14 scrolls of identify
 g - 2 scrolls of fear
 j - 9 scrolls of teleportation
 l - 3 scrolls of magic mapping
 m - a scroll of amnesia
 v - 4 scrolls of recharging
 A - a scroll of enchant weapon
Potions
 e - 4 potions of magic
 o - 3 potions of heal wounds
 q - 2 potions of might
 t - 2 potions of lignification
 E - a potion of invisibility
 I - 3 potions of curing
Books
 D - a book of Misfortune

   Spells                             Type                      Level
   a - Confusing Touch                Hexes                        1
   b - Confuse                        Hexes                        3
   c - Gell's Gravitas                Hexes/Translocation          3
   d - Petrify                        Transmutation/Earth          4
   e - Metabolic Englaciation         Hexes/Ice                    5
   f - Yara's Violent Unravelling     Hexes/Transmutation          5
 K - a book of Necromancy

   Spells                             Type                      Level
   a - Pain                           Necromancy                   1
   b - Animate Skeleton               Necromancy                   1
   c - Vampiric Draining              Necromancy                   3
   d - Regeneration                   Charms/Necromancy            3
   e - Animate Dead                   Necromancy                   4
   f - Control Undead                 Necromancy                   4
 O - the Catalogue of Helpful Earth
   (You found it in an ice cave)

   Spells                             Type                      Level
   a - Regeneration                   Charms/Necromancy            3
   b - Spectral Weapon                Hexes/Charms                 3
   c - Petrify                        Transmutation/Earth          4
   d - Bolt of Magma                  Conjuration/Fire/Earth       5
   e - Lee's Rapid Deconstruction     Earth                        5
 R - a book of Ice

   Spells                             Type                      Level
   a - Ice Form                       Ice/Transmutation            4
   b - Metabolic Englaciation         Hexes/Ice                    5
   c - Ozocubu's Refrigeration        Ice                          6
   d - Bolt of Cold                   Conjuration/Ice              6
   e - Freezing Cloud                 Conjuration/Ice/Air          6
   f - Simulacrum                     Ice/Necromancy               6
 U - a book of Unlife

   Spells                             Type                      Level
   a - Recall                         Summoning/Translocation      3
   b - Animate Dead                   Necromancy                   4
   c - Control Undead                 Necromancy                   4
   d - Cigotuvi's Embrace             Necromancy                   5
   e - Death Channel                  Necromancy                   6
   f - Simulacrum                     Ice/Necromancy               6
Comestibles
 a - 2 royal jellies
 b - 8 bread rations
 h - 5 beef jerkies
 n - 5 meat rations
 p - 5 fruits
 J - 10 slices of pizza


   Skills:
 - Level 11.0 Fighting
 - Level 2.4 Dodging
 - Level 1.0 Stealth
 * Level 8.1 Shields
 - Level 16.4 Unarmed Combat


You had 12 spell levels left.
You didn't know any spells.

Dungeon Overview and Level Annotations

Branches:
Dungeon (13/15)            Temple (0/1) D:6            Lair (0/6) D:11
    Orc (2/2) D:9
    Elf: Orc:2       Vaults: D:13-14

Altars:
Hepliaklqana
Makhleb
Okawaru
Ru
Vehumet
Xom
The Shining One
Beogh

Shops:
Orc:2 !?


Innate Abilities, Weirdness & Mutations

You are too large for most types of armour.
You have claws for hands.
Your metabolism is lightning-fast.
You like to eat raw meat.
Your natural rate of healing is unusually fast.
You are covered in fur. (AC +1)
You have very tough skin. (AC +2)
You have a pair of horns on your head.
You are partially covered in yellow scales. (AC +2)
Scrolls take you a little longer to read.
You are clumsy. (Dex -2)
You are resistant to hostile enchantments. (MR+)
You are weak. (Str -2)
Potions and wands are less effective at restoring your health.


Message History

You can't go up here!
The warg bites you.
* * * LOW HITPOINT WARNING * * *
There is a stone staircase leading up here.
The warg bites you!
* * * LOW HITPOINT WARNING * * *
You climb upwards.
There is a stone staircase leading down here.
You are too injured to fight recklessly!
You are too injured to fight recklessly!
You scratch the warg but do no damage. The warg barely misses you.
You barely miss the warg. The warg bites you!
* * * LOW HITPOINT WARNING * * *
You claw the warg! You headbutt the warg.
The warg is heavily wounded.
The warg bites you.
* * * LOW HITPOINT WARNING * * *
Your system partially rejects the healing.
You feel better. The warg bites you!
You die...

##.....###.##.######...#
##......#.......##.##.##
#.......................
#...............##.#..##
##...............##...#.
#...............#..#.#..
#...................#.).
#..................###..
#.....h@.......#...##...
#.............#.....##)#
##......................
#............##.#.......
##.............#...#....
##..................##.
##......................
#.......................
##..................#...


You could see a warg.

Vanquished Creatures
  Kirke (D:12)
  Donald (Orc:2)
  A frost giant (IceCv)
  A centaur warrior (D:12)
  A death knight (D:11)
  Erica (D:9)
  A death yak (IceCv)
  A skeletal warrior (D:11)
  4 hill giants
  Pikel (D:9)
  3 orc knights
  A deep elf mage (D:12)
  2 ugly things (D:12)
  An elephant (D:11)
  A centaur zombie (D:12)
  An ice statue (IceCv)
  The ghost of lupus83 the Grappler, a novice TrHu of Okawaru (D:6)
  A gargoyle (D:12)
  2 rime drakes (IceCv)
  2 ice devils (D:11)
  3 trolls
  16 polar bears (IceCv)
  2 hippogriffs
  A spriggan (D:9)
  4 hogs (D:12)
  22 yaks
  A wraith (D:11)
  A wyvern (D:10)
  2 hungry ghosts
  A mottled dragon (D:11)
  A warg (Orc:2)
  6 sky beasts
  3 black bears
  18 orc warriors
  2 slaves (D:9)
  5 ice beasts
  An eye of draining (D:10)
  4 phantoms
  19 ogres
  14 wolves (IceCv)
  8 centaurs
  2 crocodiles
  6 big kobolds
  11 bullfrogs
  A gnoll sergeant (D:9)
  A wyvern zombie (D:10)
  A water moccasin skeleton (D:4)
  A wyvern skeleton (D:12)
  6 scorpions
  11 wights
  3 electric eels
  2 howler monkeys (D:8)
  8 crimson imps
  3 jellies
  11 orc priests
  3 bullfrog zombies
  6 hounds
  2 centaur skeletons
  An iguana (D:11)
  A bullfrog skeleton (D:5)
  22 orc wizards
  6 worker ants
  A hound zombie (D:6)
  A howler monkey skeleton (D:8)
  9 adders
  10 gnolls
  6 river rats (Sewer)
  3 shadow imps
  3 oozes
  2 adder skeletons
  4 worms
  2 dart slugs (D:1)
  8 leopard geckos
  78 orcs
  6 giant cockroaches
  7 goblins
  9 hobgoblins
  6 jackals
  21 kobolds
  2 quokkas
  3 ball pythons (Sewer)
  8 bats
  13 frilled lizards
  A leopard gecko skeleton (D:5)
  A quokka skeleton (D:6)
  A quokka zombie (D:6)
  18 rats
493 creatures vanquished.

Vanquished Creatures (others)
  2 slaves (D:9)
  An orc wizard (Orc:2)
  A gnoll (D:9)
  5 orcs
  A frilled lizard (D:1)
10 creatures vanquished.

Grand Total: 503 creatures vanquished

Notes
Turn   | Place    | Note
-------+----------+-------------------------------------------
     0 | D:1      | floppycuck the Troll Monk began the quest for the Orb.
     0 | D:1      | Reached XP level 1. HP: 22/22 MP: 0/0
   298 | D:1      | Reached XP level 2. HP: 16/29 MP: 1/1
   428 | D:1      | Reached skill level 4 in Unarmed Combat
   721 | D:1      | Reached XP level 3. HP: 36/36 MP: 2/2
  1163 | D:2      | Found a glowing golden altar of the Shining One.
  1388 | D:2      | Reached XP level 4. HP: 41/44 MP: 3/3
  1678 | D:2      | Reached skill level 5 in Unarmed Combat
  2084 | D:3      | Found an iron altar of Okawaru.
  2084 | D:3      | Noticed a sky beast
  2089 | D:3      | Killed a sky beast
  2089 | D:3      | Reached skill level 6 in Unarmed Combat
  2089 | D:3      | Reached XP level 5. HP: 44/50 MP: 4/4
  2094 | D:3      | Became a worshipper of Warmaster Okawaru
  2094 | D:3      | Reached * piety under Okawaru
  2094 | D:3      | Reached ** piety under Okawaru
  2336 | D:3      | Reached XP level 6. HP: 52/59 MP: 5/5
  2710 | D:4      | Reached skill level 7 in Unarmed Combat
  3266 | D:5      | Entered Level 5 of the Dungeon
  3281 | D:5      | Noticed a sky beast
  3291 | D:5      | Killed a sky beast
  3295 | D:5      | Reached skill level 8 in Unarmed Combat
  3304 | D:5      | Gained mutation: You have a pair of small horns on your head. [mutagenic meat]
  3305 | D:5      | Gained mutation: You are partially covered in yellow scales. (AC +2) [mutagenic meat]
  3306 | D:5      | Gained mutation: You are clumsy. (Dex -2) [mutagenic meat]
  3307 | D:5      | Gained mutation: Your spells are a little harder to cast, but a little more powerful. [mutagenic meat]
  3309 | D:5      | Gained mutation: Potions and wands are less effective at restoring your health. [mutagenic meat]
  3389 | D:5      | Reached XP level 7. HP: 65/66 MP: 6/6
  3417 | D:5      | Found a radiant altar of Vehumet.
  3869 | D:5      | Reached *** piety under Okawaru
  3869 | D:5      | Reached skill level 9 in Unarmed Combat
  4272 | D:6      | Noticed lupus83's ghost (novice TrHu)
  4312 | D:6      | Killed lupus83's ghost
  4312 | D:6      | Reached skill level 10 in Unarmed Combat
  4312 | D:6      | Reached XP level 8. HP: 74/74 MP: 7/7
  4373 | D:6      | Reached **** piety under Okawaru
  4424 | D:6      | Reached skill level 11 in Unarmed Combat
  4555 | D:6      | Found a staircase to the Ecumenical Temple.
  4635 | D:6      | Got a smoking cloak
  4646 | D:6      | Identified the cursed -2 cloak of the Alphagorgon {rC+ rN++ Dex-4 Stlth+} (You found it on level 6 of the Dungeon)
  4668 | D:6      | Found a glowing drain.
  4672 | Sewer    | Entered a sewer
  5358 | D:7      | Reached XP level 9. HP: 48/80 MP: 8/8
  5362 | D:7      | Reached skill level 12 in Unarmed Combat
  5445 | D:7      | Got a twisted whip
  5446 | D:7      | Identified the +4 whip of Wondrous Power {drain, MP+9} (You found it on level 7 of the Dungeon)
  5861 | D:7      | Reached ***** piety under Okawaru
  5978 | D:7      | Found a sacrificial altar of Ru.
  5983 | D:7      | Found a hazy altar of Hepliaklqana.
  6119 | D:7      | Lost mutation: You are clumsy. (Dex -2) [mutagenic meat]
  6277 | D:8      | Reached skill level 13 in Unarmed Combat
  6655 | D:8      | Received a gift from Okawaru
  6664 | D:8      | Got a thick robe {god gift}
  6697 | D:7      | Identified the -5 robe of Misfortune {-Cast *Contam *Tele *Drain EV-5 Stlth-- *Curse} (Okawaru gifted it to you on level 8 of the Dungeon)
  6746 | D:7      | Gained mutation: You are clumsy. (Dex -2) [mutagenic glow]
  6888 | D:8      | Reached skill level 14 in Unarmed Combat
  6895 | D:8      | Got a heavy robe
  6906 | D:8      | Identified the +0 robe "Wimug" {rPois rC+ Int-3} (You found it on level 8 of the Dungeon)
  7162 | D:8      | Reached XP level 10. HP: 88/88 MP: 9/9
  7479 | D:9      | Noticed Erica
  7493 | D:9      | Killed Erica
  7519 | D:9      | Noticed Pikel
  7566 | D:9      | Killed Pikel
  7650 | D:9      | Reached skill level 15 in Unarmed Combat
  7720 | D:9      | Found a staircase to the Orcish Mines.
  8592 | D:9      | Reached skill level 16 in Unarmed Combat
  8955 | D:10     | Entered Level 10 of the Dungeon
  9064 | D:10     | Received a gift from Okawaru
  9064 | D:10     | Reached XP level 11. HP: 88/94 MP: 10/10
  9424 | D:10     | Gained mutation: You have a pair of horns on your head. [mutagenic meat]
  9425 | D:10     | Lost mutation: Your spells are a little harder to cast, but a little more powerful. [mutagenic meat]
  9426 | D:10     | Gained mutation: You are weak. (Str -2) [mutagenic meat]
  9966 | D:11     | Found a staircase to the Lair.
 10212 | D:11     | Found a frozen archway.
 10230 | IceCv    | Entered an ice cave
 10293 | IceCv    | Reached skill level 5 in Fighting
 10527 | IceCv    | Received a gift from Okawaru
 10657 | IceCv    | Noticed a death yak
 10665 | IceCv    | Killed a death yak
 10665 | IceCv    | Reached ****** piety under Okawaru
 10878 | IceCv    | Reached XP level 12. HP: 108/122 MP: 11/11
 10962 | IceCv    | Received a gift from Okawaru
 11384 | IceCv    | Noticed a frost giant
 11396 | IceCv    | Killed a frost giant
 11396 | IceCv    | Reached skill level 10 in Fighting
 11489 | IceCv    | Identified the Catalogue of Helpful Earth
 11548 | D:11     | Noticed a death knight
 11594 | D:11     | Killed a death knight
 11929 | D:11     | Received a gift from Okawaru
 11996 | D:11     | Noticed an eight-headed hydra
 12416 | D:11     | Reached skill level 1 in Shields
 12779 | D:12     | Gained mutation: You are resistant to hostile enchantments. (MR+) [mutagenic meat]
 12780 | D:12     | Gained mutation: Scrolls take you a little longer to read. [mutagenic meat]
 12859 | D:12     | Noticed Kirke
 12870 | D:12     | Killed Kirke
 12870 | D:12     | Reached skill level 5 in Shields
 12870 | D:12     | Reached XP level 13. HP: 55/137 MP: 12/12
 13052 | D:12     | Found a shimmering altar of Xom.
 13331 | D:12     | Found a burning altar of Makhleb.
 13331 | D:12     | Noticed an Executioner
 14091 | Orc:1    | Entered Level 1 of the Orcish Mines
 14091 | Orc:1    | Found a roughly hewn altar of Beogh.
 14283 | Orc:1    | Found a roughly hewn altar of Beogh.
 14591 | Orc:2    | Entered Level 2 of the Orcish Mines
 14614 | Orc:2    | Received a gift from Okawaru
 14726 | Orc:2    | Noticed Donald
 14739 | Orc:2    | Killed Donald
 15006 | Orc:2    | Found Gixol's Magic Scroll Shop.
 15008 | Orc:2    | Found Izyq's Distillery.
 15091 | Orc:1    | Noticed an orc warlord
 15117 | Orc:1    | Slain by a warg

Skill      XL: |  1  2  3  4  5  6  7  8  9 10 11 12 13 |
---------------+----------------------------------------+-----
Unarmed Combat | 4 6 8 10 11 14 16 | 16.4
Fighting       | 8 11 | 11.0
Shields        | 5 8 |  8.1
Dodging        | |  2.4
Stealth        | |  1.0

Action                   |  1- 3 |  4- 6 |  7- 9 | 10-12 | 13-15 || total
-------------------------+-------+-------+-------+-------+-------++-------
Melee: Unarmed           |   108 |   104 |   336 |   622 |   198 ||  1368
       Punch             |     2 |     1 |    11 |    38 |     1 ||    53
       Headbutt          |       |       |    46 |   117 |    35 ||   198
Invok: Heroism           |       |       |       |     2 |       ||     2
Evoke: Wand              |       |       |       |     1 |     1 ||     2
  Use: Potion            |       |       |    10 |     4 |     1 ||    15
       Scroll            |       |       |    10 |     3 |       ||    13
 Stab: Sleeping          |     7 |     1 |    12 |     2 |       ||    22
       Distracted        |     1 |       |     1 |     2 |       ||     4
  Eat: Chunk             |    17 |    21 |    43 |    52 |    22 ||   155
       Bread ration      |       |       |       |     1 |       ||     1
Armor: Robe              |    30 |    26 |    78 |   180 |    55 ||   369
       Skin              |       |       |     1 |       |       ||     1
Dodge: Dodged            |    63 |    38 |   122 |   232 |    57 ||   512
Block: Shield            |       |       |       |    10 |    84 ||    94
       Reflection        |       |       |       |       |     5 ||     5
